 Dungeon Crawl Stone Soup version 0.24-a0-381-g637bb38 (webtiles) character file.

Game seed: 18352984814888332569

879 Spazmo the Magician (level 7, 0/36 HPs)
             Began as a Deep Elf Fire Elementalist on June 3, 2019.
             Was an Initiate of Vehumet.
             Shot with an arrow by a centaur (15 damage)
             ... on level 5 of the Dungeon.
             The game lasted 00:19:45 (3986 turns).

Spazmo the Magician (Deep Elf Fire Elementalist)    Turns: 3986, Time: 00:19:45

Health: 0/36       AC:  4    Str:  5    XL:     7   Next: 75%
Magic:  16/19      EV: 13    Int: 22    God:    Vehumet [......]
Gold:   230        SH:  0    Dex: 15    Spells: 5/20 levels left

rFire    . . .     SeeInvis .   r - +2 dagger (freeze)
rCold    + . .     Gourm    .   (no shield)
rNeg     . . .     Faith    .   a - +0 robe
rPois    .         Spirit   .   d - +1 helmet
rElec    .         Reflect  .   (no cloak)
rCorr    +         Harm     .   (no gloves)
MR       .....                  (no boots)
Stlth    ++........             (no amulet)
HPRegen  0.12/turn              e - ring of resist corrosion
MPRegen  0.16/turn              y - ring of protection from cold

@: no status effects
A: no striking features
a: Renounce Religion


You were on level 5 of the Dungeon.
You worshipped Vehumet.
Vehumet was noncommittal.
You were not hungry.

You visited 2 branches of the dungeon, and saw 6 of its levels.
You also visited: Sewer.

You collected 230 gold pieces.

Inventory:

Hand Weapons
 p - a +2 short sword of venom
 r - a +2 dagger of freezing (weapon)
Missiles
 b - 70 stones (quivered)
Armour
 a - a +0 robe (worn)
 d - a +1 helmet (worn)
Jewellery
 e - a ring of resist corrosion (left hand)
 n - an uncursed ring of flight
 y - a ring of protection from cold (right hand)
Wands
 w - a wand of random effects (20)
 C - a wand of acid (13)
 E - a wand of digging (3)
Scrolls
 g - 4 scrolls of remove curse
 h - 8 scrolls of identify
 s - a scroll of blinking
 t - a scroll of fear
 u - a scroll of teleportation
 v - 2 scrolls of magic mapping
 z - a scroll of enchant armour
 A - a scroll of enchant weapon
 D - a scroll of random uselessness {unknown}
Potions
 f - a potion of haste
 i - a potion of agility {unknown}
 j - a potion of heal wounds
 k - a potion of invisibility
 l - 6 potions of curing
 m - 2 potions of brilliance
 o - a potion of might {unknown}
 q - a potion of magic
 x - a potion of mutation {unknown}
Comestibles
 c - 6 rations
 B - 7 chunks of flesh


   Skills:
 - Level 3.0 Dodging
 - Level 3.0 Stealth
 + Level 7.1 Spellcasting
 + Level 5.3 Conjurations
 + Level 6.3 Fire Magic


You had 5 spell levels left.
You knew the following spells:

 Your Spells              Type           Power        Failure   Level  Hunger
a - Flame Tongue          Conj/Fire      ####.        1%          1    None
b - Throw Flame           Conj/Fire      ####..       1%          2    None
c - Conjure Flame         Conj/Fire      ####....     2%          3    None
d - Sticky Flame          Conj/Fire      ####....     8%          4    ###....
e - Fireball              Conj/Fire      ####......   21%         5    #####..

Your spell library contained the following spells:

 Spells                   Type           Power        Failure   Level  Hunger
 Inner Flame              Hex/Fire       ###.....     7%          3    None
 Animate Skeleton         Necr           N/A          9%          1    None
 Pain                     Necr           #...         9%          1    None
 Regeneration             Chrm/Necr      #.........   24%         3    None
 Vampiric Draining        Necr           #.........   24%         3    None
 Animate Dead             Necr           N/A          63%         4    ###....


Dungeon Overview and Level Annotations

Branches:
Dungeon (5/15)             Temple (1/1) D:4

Altars:
Ashenzari
Dithmenos
Gozag
Hepliaklqana
Makhleb
Nemelex Xobeh
Okawaru
Qazlal
Sif Muna
Trog
Uskayaw
Vehumet
Xom
Yredelemnul
The Shining One

Shops:
D:4 :

Annotations:
D:4 1 runed translucent door, trojandonkey's ghost, amateur HOMo


Message History

a +0 trident; a +0 robe; the orc corpse of Blork the orc You butcher the orc corpse of Blork the orc.
B - 7 chunks of flesh (gained 4)
Things that are here:
a +0 trident; a +0 robe; the orc skeleton of Blork the orc You now have 230 gold pieces (gained 13).
A centaur comes into view.
The centaur shouts!
You hear a shout!
The centaur wields a +0 shortbow.
The centaur shoots an arrow.
The arrow hits you.
You see here an arrow.
The centaur shoots an arrow.
The arrow hits you.
You see here an arrow.
You start resting.
The centaur shoots an arrow.
The arrow hits you.
The centaur unwields a +0 shortbow.
The centaur hits you.
You see here an arrow.
The centaur wields a +0 shortbow.
The centaur shoots an arrow.
The arrow hits you!
You die...

# #..# ##...## ##.........
###..# #....# ###..........
.#...# #....####..........##
.....# #.............#...##
.....# #..........####...#
.....# ###..........###...##
.....## ###.............##...#
#.....###...............#...##
#.......).......@...........#
...##.........c(............#
.### ........##(..........###
## ......# ##............## #
...%.. ##.......#....### .....
#......####....# #.....
#.....## ###... #.....#
##...## ##.. # #
.......####.....## ##.


You could see a centaur.

Vanquished Creatures
  Sigmund (D:5)
  An ogre (D:4)
  A phantom (D:4)
  A big kobold (Sewer)
  Blork the orc (D:5)
  A howler monkey (D:4)
  A crimson imp (D:4)
  A hound (D:5)
  An orc priest (D:3)
  An iguana (D:5)
  A worker ant (D:4)
  A hound skeleton (D:4)
  9 adders
  3 river rats
  An ooze (Sewer)
  An adder skeleton (D:4)
  3 worms
  5 leopard geckos
  10 orcs
  8 giant cockroaches
  8 goblins
  4 hobgoblins
  2 quokkas
  3 ball pythons (Sewer)
  8 bats
  4 frilled lizards
  2 hobgoblin zombies (D:4)
  A jackal skeleton (D:5)
  A jackal zombie (D:5)
  11 kobolds
  A kobold skeleton (D:4)
  2 kobold zombies (D:4)
  An orc skeleton (D:4)
  An orc zombie (D:4)
  6 rats
  A butterfly (D:4)
108 creatures vanquished.

Notes
Turn   | Place    | Note
-------+----------+-------------------------------------------
     0 | D:1      | Spazmo the Deep Elf Fire Elementalist began the quest for
                  | the Orb.
     0 | D:1      | Reached XP level 1. HP: 10/10 MP: 6/6
   217 | D:1      | Reached XP level 2. HP: 14/15 MP: 0/8
   221 | D:1      | Learned a level 2 spell: Throw Flame
   803 | D:2      | Reached XP level 3. HP: 19/19 MP: 5/9
  1009 | D:2      | Found a shattered altar of Ashenzari.
  1077 | D:2      | Found a deep blue altar of Sif Muna.
  1306 | D:3      | Learned a level 3 spell: Conjure Flame
  1406 | D:3      | Reached XP level 4. HP: 23/24 MP: 7/11
  1489 | D:3      | Reached skill level 4 in Spellcasting
  1504 | D:3      | Found a glowing drain.
  1508 | Sewer    | Entered a sewer
  1788 | Sewer    | Reached XP level 5. HP: 22/28 MP: 6/13
  1797 | Sewer    | Learned a level 4 spell: Sticky Flame
  2132 | D:3      | Reached skill level 5 in Spellcasting
  2226 | D:3      | You fall into a shaft and drop 1 floor!
  2284 | D:4      | Found a sparkling altar of Nemelex Xobeh.
  2292 | D:4      | Found a runed translucent door.
  2295 | D:4      | Noticed trojandonkey's ghost (amateur HOMo)
  2303 | D:4      | Reached XP level 6. HP: 27/32 MP: 10/15
  2319 | D:4      | Reached skill level 5 in Fire Magic
  2321 | D:4      | Found a staircase to the Ecumenical Temple.
  2334 | Temple   | Entered the Ecumenical Temple
  2563 | D:3      | Learned a level 5 spell: Fireball
  2760 | D:4      | Found a glowing golden altar of the Shining One.
  3136 | D:4      | Reached skill level 6 in Spellcasting
  3184 | D:4      | Found a radiant altar of Vehumet.
  3187 | D:4      | Became a worshipper of Vehumet
  3249 | D:4      | Found a hazy altar of Hepliaklqana.
  3350 | D:4      | Reached XP level 7. HP: 28/36 MP: 11/18
  3404 | D:4      | Found Wicax's Book Emporium.
  3540 | D:5      | Entered Level 5 of the Dungeon
  3604 | D:5      | Got a transparent crystal amulet
  3605 | D:5      | Identified the amulet "Astronteu" {Harm *Corrode *Drain
                  | Int+3 Dex+4} (You found it on level 5 of the Dungeon)
  3768 | D:5      | Noticed Sigmund
  3777 | D:5      | Killed Sigmund
  3777 | D:5      | Reached skill level 5 in Conjurations
  3957 | D:5      | Noticed Blork the orc
  3963 | D:5      | Killed Blork the orc
  3963 | D:5      | Reached skill level 7 in Spellcasting
  3986 | D:5      | Shot with an arrow by a centaur

Levels and vault maps discovered:
D:1:      ncdulo_lavacross, layout_basic
D:2:      layout_loops_cross, nicolae_overflow_crystal_walls,
          ashenzari_conservatory_becter
D:3:      layout_rooms, gup_sewer_entry_bowl
D:4:      layout_basic, kennysheep_mini_moat, lemuel_round_altar,
          lemuel_doored_altar, minmay_temple_entry_stoned_glass,
          hellmonk_ghost_happy_afterlife, serial_shops, kennysheep_mini,
          minmay_misc_feat_columns, hangedman_glass_garden, serial_bayou_pond_b,
          nicolae_tso_besieged_by_evil
D:5:      layout_layer_cave, elyvilon_altar_1, first_ration, uniq_sigmund,
          uniq_pikel, uniq_blork_the_orc
Temple:   compressed_dpeg_circular_temple

Skill      XL: |  1  2  3  4  5  6  7 |
---------------+----------------------+-----
Stealth        | 3 |  3.0
Dodging        | 3 |  3.0
Conjurations   | 2 3 4 5 |  5.3
Fire Magic     | 4 5 6 |  6.3
Spellcasting   | 4 5 6 7 |  7.1

Action                   |  1- 3 |  4- 6 |  7- 9 || total
-------------------------+-------+-------+-------++-------
Melee: Dagger            |       |    74 |     4 ||    78
       Short sword       |       |    15 |       ||    15
Throw: Stone             |    10 |     2 |       ||    12
 Cast: Flame Tongue      |    65 |   114 |    23 ||   202
       Throw Flame       |       |     5 |     3 ||     8
       Sticky Flame      |       |     1 |     3 ||     4
 Abil: Evoke Flight      |       |     2 |       ||     2
  Use: Scroll            |     7 |       |     4 ||    11
       Potion            |     5 |     2 |       ||     7
  Eat: Chunk             |     1 |     7 |     2 ||    10
Armor: Robe              |     4 |    21 |       ||    25
Dodge: Dodged            |     8 |    64 |     2 ||    74

Table legend:
 A = Non-vault XP
 B = Vault XP
 C = Vault XP percentage of total XP
 D = Non-vault monster count
 E = Vault monster count
 F = Vault count percentage of total count
                 A         B        C        D         E       F
            +---------+---------+-------+---------+---------+-------
      Total |     653 |     603 |  48.0 |      69 |      38 |  35.5
            +---------+---------+-------+---------+---------+-------
        D:1 |      26 |       0 |   0.0 |      16 |       0 |   0.0
        D:2 |      52 |       0 |   0.0 |      15 |       0 |   0.0
        D:3 |     109 |      30 |  21.6 |      20 |       4 |  16.7
        D:4 |     376 |      81 |  17.7 |      12 |      11 |  47.8
        D:5 |      90 |     319 |  78.0 |       6 |       2 |  25.0
      Sewer |       0 |     173 | 100.0 |       0 |      21 | 100.0
            +---------+---------+-------+---------+---------+-------
